TOP OF THE 1ST |
Athletic Club KC U-24 batting - Pitching for Belleville Bulls : RHP Bartolo Guerra
|
Pitching: RHP Bartolo Guerra
|
|
Batting: LHB César Valtez
|
0-0: Ball 1-0: Ground out 4-3 (Groundball, 34, EV 98.1 MPH)
|
Batting: RHB Luis Santana
|
0-0: Ball 1-0: Ground out 6-3 (Groundball, 6, EV 85.6 MPH)
|
Batting: SHB Howard Carpentier
|
0-0: Ball 1-0: Foul Ball, location: 2F 1-1: Swinging Strike 1-2: Ball 2-2: Strikes out swinging
|
Top of the 1st over - 0 runs, 0 hits, 0 errors, 0 left on base; Athletic Club KC 0 - Belleville 0 |
BOTTOM OF THE 1ST |
Belleville Bulls batting - Pitching for Athletic Club KC U-24 : RHP Iván Contreras
|
Pitching: RHP Iván Contreras
|
|
Batting: SHB Aristotle Auer
|
0-0: Called Strike 0-1: Foul Ball, location: 2F 0-2: Strikes out looking
|
Batting: RHB Imbart Baars
|
0-0: Called Strike 0-1: Fly out, F4 (Popup, 4, EV 58.8 MPH)
|
Batting: RHB Amor Campos
|
0-0: Called Strike 0-1: Fly out, F3 (Line Drive, 3, EV 73.1 MPH)
|
Bottom of the 1st over - 0 runs, 0 hits, 0 errors, 0 left on base; Athletic Club KC 0 - Belleville 0 |
TOP OF THE 2ND |
Athletic Club KC U-24 batting - Pitching for Belleville Bulls : RHP Bartolo Guerra
|
Batting: RHB Guillermo Alessandrini
|
0-0: Swinging Strike 0-1: Foul Ball, location: 2F 0-2: Ground out 4-3 (Groundball, 3D, EV 107.5 MPH)
|
Batting: SHB Noel Lancaster
|
0-0: Called Strike 0-1: Ball 1-1: Ball 2-1: Ball 3-1: Base on Balls
|
Batting: RHB Marcos Quintana
|
0-0: SINGLE (Groundball, 34D, EV 96.9 MPH) Noel Lancaster to second Runner from 2nd tries for 3rd, SAFE, no throw by RF
|
Batting: RHB Jorgen Jorgenson
|
0-0: Called Strike 0-1: Foul Ball, location: 2F 0-2: SINGLE (Groundball, 56, EV 98.1 MPH) (infield hit) Noel Lancaster scores Marcos Quintana to second
|
Batting: RHB Shou-xin Quian
|
0-0: Called Strike 0-1: Ball 1-1: Fielders Choice at 2nd, 1-6 (Groundball, 13, EV 82.5 MPH) Marcos Quintana to third
|
Batting: RHB Makalani Kaiya
|
0-0: Ball 1-0: Ball 2-0: Foul Ball, location: 2F 2-1: Fielders Choice at 2nd, U6 (Groundball, 6M, EV 87.5 MPH)
|
Top of the 2nd over - 1 run, 2 hits, 0 errors, 2 left on base; Athletic Club KC 1 - Belleville 0 |
BOTTOM OF THE 2ND |
Belleville Bulls batting - Pitching for Athletic Club KC U-24 : RHP Iván Contreras
|
Batting: RHB Tom Rowland
|
0-0: Fly out, F4 (Line Drive, 4, EV 70.6 MPH)
|
Batting: RHB Spencer Wiggins
|
0-0: Called Strike 0-1: Ball 1-1: Fly out, F8 (Flyball, 8LM, EV 95.0 MPH)
|
Batting: RHB Sean Urien
|
0-0: Ball 1-0: Ball 2-0: Ball 3-0: Called Strike 3-1: Base on Balls
|
Batting: RHB Han Spoelstra
|
0-0: Ball 1-0: Fielders Choice at 2nd, 5-4 (Groundball, 5L, EV 111.2 MPH)
|
Bottom of the 2nd over - 0 runs, 0 hits, 0 errors, 1 left on base; Athletic Club KC 1 - Belleville 0 |
TOP OF THE 3RD |
Athletic Club KC U-24 batting - Pitching for Belleville Bulls : RHP Bartolo Guerra
|
Batting: LHB César Valtez
|
0-0: Called Strike 0-1: Ball 1-1: Ball 2-1: SINGLE (Groundball, 34D, EV 100.0 MPH)
|
Batting: RHB Luis Santana
|
0-0: Ball 1-0: Ball 2-0: Called Strike 2-1: Ball 3-1: SINGLE (Groundball, 6, EV 85.0 MPH) (infield hit) César Valtez to second
|
Batting: SHB Howard Carpentier
|
0-0: Called Strike 0-1: Foul Ball, location: 2F 0-2: SINGLE (Line Drive, 7S, EV 91.9 MPH) César Valtez to third Luis Santana to second
|
Batting: RHB Guillermo Alessandrini
|
0-0: Fly out, F8 (Flyball, 8LS, EV 87.5 MPH) Runner from 3rd tags up, SCORES, throw by CF Luis Santana to third
|
Batting: SHB Noel Lancaster
|
0-0: Fly out, F7 (Line Drive, 7S, EV 102.5 MPH)
|
Batting: RHB Marcos Quintana
|
0-0: Ball 1-0: Ball 2-0: Called Strike 2-1: Swinging Strike 2-2: Strikes out swinging
|
Top of the 3rd over - 1 run, 3 hits, 0 errors, 2 left on base; Athletic Club KC 2 - Belleville 0 |
BOTTOM OF THE 3RD |
Belleville Bulls batting - Pitching for Athletic Club KC U-24 : RHP Iván Contreras
|
Batting: LHB Travis Ladd
|
0-0: SINGLE (Groundball, 6S, EV 70.0 MPH) (infield hit)
|
Batting: RHB Conan Porter
|
0-0: Ball 1-0: Ball 2-0: Foul Ball, location: 2F 2-1: DOUBLE (Flyball, 89D, EV 107.5 MPH) Travis Ladd to third
|
Batting: SHB Aristotle Auer
|
0-0: Ball 1-0: Ball 2-0: Foul Ball, location: 2F 2-1: Foul Ball, location: 2F 2-2: Foul Ball, location: 2F 2-2: Strikes out swinging
|
Batting: RHB Imbart Baars
|
0-0: Fly out, F7 (Flyball, 7, EV 86.9 MPH) Runner from 3rd tags up, SCORES, throw by LF
|
Batting: RHB Amor Campos
|
0-0: Ball 1-0: Ball 2-0: Foul Ball, location: 2F 2-1: Fly out, F5 (Popup, 5S, EV 86.9 MPH)
|
Bottom of the 3rd over - 1 run, 2 hits, 0 errors, 1 left on base; Athletic Club KC 2 - Belleville 1 |
TOP OF THE 4TH |
Athletic Club KC U-24 batting - Pitching for Belleville Bulls : RHP Bartolo Guerra
|
Batting: RHB Jorgen Jorgenson
|
0-0: Ball 1-0: DOUBLE (Groundball, 5L, EV 101.2 MPH)
|
Batting: RHB Shou-xin Quian
|
0-0: SINGLE (Groundball, 6D, EV 95.6 MPH) Jorgen Jorgenson to third Runner from 3rd tries for Home, SAFE, no throw by CF
|
Batting: RHB Makalani Kaiya
|
0-0: Ball 1-0: Called Strike 1-1: Called Strike 1-2: Ball 2-2: Strikes out swinging
|
Batting: LHB César Valtez
|
0-0: Ball 1-0: Foul Ball, location: 2F 1-1: Ball 2-1: Fly out, F5 (Popup, 56, EV 64.4 MPH)
|
Batting: RHB Luis Santana
|
0-0: Ball 1-0: Ground out 4-3 (Groundball, 34, EV 85.0 MPH)
|
Top of the 4th over - 1 run, 2 hits, 0 errors, 1 left on base; Athletic Club KC 3 - Belleville 1 |
BOTTOM OF THE 4TH |
Belleville Bulls batting - Pitching for Athletic Club KC U-24 : RHP Iván Contreras
|
Batting: RHB Tom Rowland
|
0-0: Ball 1-0: Ground out 1-3 (Groundball, 13, EV 68.8 MPH)
|
Batting: RHB Spencer Wiggins
|
0-0: Called Strike 0-1: Fly out, F7 (Flyball, 7S, EV 97.5 MPH)
|
Batting: RHB Sean Urien
|
0-0: Foul Ball, location: 2F 0-1: Foul Ball, location: 2F 0-2: Strikes out swinging
|
Bottom of the 4th over - 0 runs, 0 hits, 0 errors, 0 left on base; Athletic Club KC 3 - Belleville 1 |
TOP OF THE 5TH |
Athletic Club KC U-24 batting - Pitching for Belleville Bulls : RHP Bartolo Guerra
|
Batting: SHB Howard Carpentier
|
0-0: Fly out, F8 (Flyball, 8RD, EV 93.1 MPH)
|
Batting: RHB Guillermo Alessandrini
|
0-0: Foul Ball, location: 2F 0-1: Ball 1-1: Ball 2-1: Ball 3-1: Base on Balls
|
Batting: SHB Noel Lancaster
|
0-0: Ball 1-0: Foul Ball, location: 2F 1-1: Foul Ball, location: 2F 1-2: SINGLE (Line Drive, 89S, EV 94.4 MPH) Guillermo Alessandrini to second Runner from 2nd tries for 3rd, OUT! 9-5
|
Batting: RHB Marcos Quintana
|
0-0: Ball 1-0: Called Strike 1-1: Ball 2-1: Ball 3-1: Ground out 4-3 (Groundball, 4, EV 77.5 MPH)
|
Top of the 5th over - 0 runs, 1 hit, 0 errors, 1 left on base; Athletic Club KC 3 - Belleville 1 |
BOTTOM OF THE 5TH |
Belleville Bulls batting - Pitching for Athletic Club KC U-24 : RHP Iván Contreras
|
Batting: RHB Han Spoelstra
|
0-0: Ball 1-0: Fly out, F8 (Flyball, 8LM, EV 73.8 MPH)
|
Batting: LHB Travis Ladd
|
0-0: Ball 1-0: Swinging Strike 1-1: Swinging Strike 1-2: Ground out 1-3 (Groundball, 13S, EV 71.9 MPH)
|
Batting: RHB Conan Porter
|
0-0: Called Strike 0-1: Ball 1-1: Fly out, F9 (Line Drive, 9, EV 102.5 MPH)
|
Bottom of the 5th over - 0 runs, 0 hits, 0 errors, 0 left on base; Athletic Club KC 3 - Belleville 1 |
TOP OF THE 6TH |
Athletic Club KC U-24 batting - Pitching for Belleville Bulls : RHP Bartolo Guerra
|
Batting: RHB Jorgen Jorgenson
|
0-0: DOUBLE (Flyball, 8LXD, EV 90.0 MPH)
|
Batting: RHB Shou-xin Quian
|
0-0: Intentional Walk
|
Batting: RHB Makalani Kaiya
|
0-0: Sac Bunt to 15S - play at first, batter OUT! 1-3 Jorgen Jorgenson to third Shou-xin Quian to second
|
Batting: LHB César Valtez
|
0-0: Called Strike 0-1: Foul Ball, location: 2F 0-2: Foul Ball, location: 2F 0-2: Foul Ball, location: 2F 0-2: Ball 1-2: Foul Ball, location: 2F 1-2: Ball 2-2: Foul Ball, location: 2F 2-2: Foul Ball, location: 2F 2-2: Foul Ball, location: 2F 2-2: Fly out, F5 (Popup, 5, EV 78.8 MPH)
|
Batting: RHB Luis Santana
|
0-0: Fly out, F5 (Popup, 25, EV 84.4 MPH)
|
Top of the 6th over - 0 runs, 1 hit, 0 errors, 2 left on base; Athletic Club KC 3 - Belleville 1 |
BOTTOM OF THE 6TH |
Belleville Bulls batting - Pitching for Athletic Club KC U-24 : RHP Iván Contreras
|
Batting: SHB Aristotle Auer
|
0-0: Called Strike 0-1: Ball 1-1: Ball 2-1: Ground out 6-3 (Groundball, 6, EV 90.6 MPH)
|
Batting: RHB Imbart Baars
|
0-0: Ball 1-0: Swinging Strike 1-1: Ball 2-1: Foul Ball, location: 2F 2-2: Ball 3-2: Strikes out looking
|
Batting: RHB Amor Campos
|
0-0: Ball 1-0: Ball 2-0: Called Strike 2-1: Ball 3-1: Called Strike 3-2: Strikes out swinging
|
Bottom of the 6th over - 0 runs, 0 hits, 0 errors, 0 left on base; Athletic Club KC 3 - Belleville 1 |
TOP OF THE 7TH |
Athletic Club KC U-24 batting - Pitching for Belleville Bulls : RHP Bartolo Guerra
|
Batting: SHB Howard Carpentier
|
0-0: Foul Ball, location: 2F 0-1: Called Strike 0-2: Ball 1-2: Ball 2-2: Strikes out swinging
|
Pitching: RHP Doug Burton
|
|
Batting: RHB Guillermo Alessandrini
|
0-0: Ball 1-0: Foul Ball, location: 2F 1-1: DOUBLE (Line Drive, 7LS, EV 95.0 MPH)
|
Batting: SHB Noel Lancaster
|
0-0: Swinging Strike 0-1: Ball 1-1: Ball 2-1: Ball 3-1: 2-RUN HOME RUN (Flyball, 9D, EV 89.4 MPH), Distance : 357 ft
|
Batting: RHB Marcos Quintana
|
0-0: Ball 1-0: SINGLE (Groundball, 34D, EV 96.2 MPH)
|
Batting: RHB Jorgen Jorgenson
|
0-0: Foul Ball, location: 2F 0-1: Ball 1-1: Ball 2-1: Ball 3-1: Base on Balls Marcos Quintana to second
|
Batting: RHB Shou-xin Quian
|
0-0: Ball 1-0: Ball 2-0: Ball 3-0: Called Strike 3-1: Called Strike 3-2: Foul Ball, location: 2F 3-2: Foul Ball, location: 2F 3-2: Foul Ball, location: 2F 3-2: 3-RUN HOME RUN (Flyball, 78XD, EV 97.5 MPH), Distance : 420 ft
|
Pitching: LHP Kenny Lindsey
|
|
Batting: RHB Makalani Kaiya
|
0-0: Ball 1-0: Swinging Strike 1-1: Swinging Strike 1-2: Ball 2-2: Strikes out swinging
|
Pinch Hitting: RHB Michael Bridges
|
0-0: Ball 1-0: Foul Ball, location: 2F 1-1: Called Strike 1-2: Ball 2-2: Ball 3-2: Strikes out swinging
|
Top of the 7th over - 5 runs, 4 hits, 0 errors, 0 left on base; Athletic Club KC 8 - Belleville 1 |
BOTTOM OF THE 7TH |
Belleville Bulls batting - Pitching for Athletic Club KC U-24 : RHP Iván Contreras
|
Now in LF: Michael Bridges
|
|
Pinch Hitting: RHB Dylan Oram
|
0-0: Foul Ball, location: 2F 0-1: Called Strike 0-2: Ball 1-2: SINGLE (Groundball, 56D, EV 99.4 MPH)
|
Batting: RHB Spencer Wiggins
|
0-0: Called Strike 0-1: Foul Ball, location: 2F 0-2: Hit by Pitch Dylan Oram to second
|
Pinch Hitting: RHB Rob Shannon
|
0-0: Ball 1-0: Foul Ball, location: 2F 1-1: Called Strike 1-2: Strikes out swinging
|
Pinch Hitting: RHB Manuel Barrera
|
0-0: Ball 1-0: Foul Ball, location: 2F 1-1: Foul Ball, location: 2F 1-2: Ball 2-2: Ball 3-2: Fly out, F9 (Flyball, 9LS, EV 81.9 MPH)
|
Batting: LHB Travis Ladd
|
0-0: Swinging Strike 0-1: SINGLE (Groundball, 56D, EV 98.8 MPH) Dylan Oram to third Spencer Wiggins to second Runner from 3rd tries for Home, SAFE, no throw by LF
|
Batting: RHB Conan Porter
|
0-0: Foul Ball, location: 2F 0-1: Ball 1-1: Ball 2-1: Called Strike 2-2: Foul Ball, location: 2F 2-2: Ball 3-2: Strikes out swinging
|
Bottom of the 7th over - 1 run, 2 hits, 0 errors, 2 left on base; Athletic Club KC 8 - Belleville 2 |
TOP OF THE 8TH |
Athletic Club KC U-24 batting - Pitching for Belleville Bulls : LHP Kenny Lindsey
|
Now at 3B: Michael Collier
|
|
Now at SS: Dylan Oram
|
|
Now in LF: Rob Shannon
|
|
Batting: RHB Luis Santana
|
0-0: Ball 1-0: Called Strike 1-1: Ball 2-1: Ground out 6-3 (Groundball, 6, EV 90.0 MPH)
|
Batting: SHB Howard Carpentier
|
0-0: Called Strike 0-1: Fly out, F7 (Flyball, 7S, EV 83.1 MPH)
|
Batting: RHB Guillermo Alessandrini
|
0-0: Foul Ball, location: 2F 0-1: Ball 1-1: Fly out, F7 (Flyball, 7S, EV 71.9 MPH)
|
Top of the 8th over - 0 runs, 0 hits, 0 errors, 0 left on base; Athletic Club KC 8 - Belleville 2 |
BOTTOM OF THE 8TH |
Belleville Bulls batting - Pitching for Athletic Club KC U-24 : RHP Iván Contreras
|
Batting: SHB Aristotle Auer
|
0-0: Called Strike 0-1: Called Strike 0-2: Foul Ball, location: 2F 0-2: Ball 1-2: Foul Ball, location: 2F 1-2: Foul Ball, location: 2F 1-2: Fly out, F9 (Flyball, 9LM, EV 75.6 MPH)
|
Batting: RHB Imbart Baars
|
0-0: Called Strike 0-1: Foul Ball, location: 2F 0-2: Ball 1-2: SINGLE (Line Drive, 8RS, EV 103.8 MPH)
|
Batting: RHB Amor Campos
|
0-0: Called Strike 0-1: Foul Ball, location: 2F 0-2: Ball 1-2: Ball 2-2: Fly out, F8 (Flyball, 8LS, EV 86.2 MPH)
|
Pitching: RHP Román Rosales
|
|
Batting: RHB Dylan Oram
|
0-0: Called Strike 0-1: Ball 1-1: Reached on error, E5 (Groundball, 56S, EV 71.9 MPH) Imbart Baars to second
|
Batting: RHB Spencer Wiggins
|
0-0: Foul Ball, location: 2F 0-1: SINGLE (Groundball, 6MD, EV 110.0 MPH) Imbart Baars to third Dylan Oram to second Runner from 3rd tries for Home, SAFE, throw by CF to home
|
Batting: RHB Rob Shannon
|
0-0: Fly out, F8 (Flyball, 8RS, EV 85.6 MPH)
|
Bottom of the 8th over - 1 run, 2 hits, 1 error, 2 left on base; Athletic Club KC 8 - Belleville 3 |
TOP OF THE 9TH |
Athletic Club KC U-24 batting - Pitching for Belleville Bulls : LHP Kenny Lindsey
|
Batting: SHB Noel Lancaster
|
0-0: Ball 1-0: Ball 2-0: Called Strike 2-1: DOUBLE (Line Drive, 9LM, EV 100.0 MPH)
|
Batting: RHB Marcos Quintana
|
0-0: Called Strike 0-1: Foul Ball, location: 2F 0-2: Strikes out swinging
|
Batting: RHB Jorgen Jorgenson
|
0-0: Called Strike 0-1: Ball 1-1: Ball 2-1: Foul Ball, location: 2F 2-2: Strikes out swinging
|
Batting: RHB Shou-xin Quian
|
0-0: Foul Ball, location: 2F 0-1: Foul Ball, location: 2F 0-2: DOUBLE (Flyball, 8RXD, EV 86.9 MPH) Noel Lancaster scores
|
Batting: RHB Makalani Kaiya
|
0-0: Ball Passed Ball! Shou-xin Quian to third 1-0: Called Strike 1-1: Called Strike 1-2: Ball 2-2: Ball 3-2: Base on Balls
|
Batting: RHB Michael Bridges
|
0-0: Fly out, F9 (Flyball, 9LSF, EV 93.1 MPH)
|
Top of the 9th over - 1 run, 2 hits, 0 errors, 2 left on base; Athletic Club KC 9 - Belleville 3 |
BOTTOM OF THE 9TH |
Belleville Bulls batting - Pitching for Athletic Club KC U-24 : RHP Román Rosales
|
Batting: RHB Michael Collier
|
0-0: Called Strike 0-1: Foul Ball, location: 2F 0-2: Ball 1-2: Strikes out swinging
|
Batting: LHB Travis Ladd
|
0-0: Called Strike 0-1: Called Strike 0-2: Strikes out swinging
|
Batting: RHB Conan Porter
|
0-0: Called Strike 0-1: Called Strike 0-2: Ball 1-2: Foul Ball, location: 2F 1-2: SINGLE (Groundball, 3D, EV 94.4 MPH)
|
Batting: SHB Aristotle Auer
|
0-0: Ball 1-0: Ball 2-0: Swinging Strike 2-1: Foul Ball, location: 2F 2-2: Ball 3-2: Ground out U3 (Groundball, 3S, EV 74.4 MPH)
|
Bottom of the 9th over - 0 runs, 1 hit, 0 errors, 1 left on base; Athletic Club KC 9 - Belleville 3 |
|